Map: Emerald City LE

Players

Brooky - Winner!

  • Race: Protoss Protoss
  • League: Platinum
  • Spawn Location: 5:00

Xoronn - Winner!

  • Race: Zerg Zerg
  • League: Diamond
  • Spawn Location: 5:00

Massa

  • Race: Terran Terran
  • League: Platinum
  • Spawn Location: 11:00

qqq

  • Race: Zerg Zerg
  • Spawn Location: 11:00

VOD

Have the link to the VOD?

Description

Time

  • Played on: Oct. 19, 2020, 12:34 p.m.
  • Length: 16:39
Show
View Real Time Build Order
Export as new Build Order

Brooky Protoss - Winner!

Build Orders: Carriers 

Get SALT Encoding   

  12  0:00  Probe  
  13  0:16  Pylon  
  13  0:21  Probe (Chrono Boost)  
  14  0:30  Probe (Chrono Boost)  
  15  0:35  Probe (Chrono Boost)  
  15  0:41  Gateway  
  16  0:47  Probe  
  17  0:59  Probe  
  18  1:19  Probe (Chrono Boost)  
  18  1:27  Assimilator  
  18  1:30  Probe (Chrono Boost)  
  18  1:31  Assimilator  
  19  1:35  Probe (Chrono Boost)  
  19  1:39  Cybernetics Core  
  20  1:46  Probe  
  21  1:55  Nexus  
  21  1:58  Probe  
  22  2:10  Probe  
  23  2:16  Pylon  
  23  2:33  Pylon  
  23  2:34  Probe  
  24  2:46  Probe  
  25  2:52  Stargate  
  25  3:01  Probe, Stargate  
  26  3:08  Probe  
  27  3:13  Probe  
  27  3:19  Pylon  
  28  3:20  Probe  
  28  3:25  Probe  
  30  3:27  Void Ray (Chrono Boost)  
  30  3:32  Probe  
  30  3:33  Assimilator  
  31  3:38  Probe  
  31  3:41  Zealot (Chrono Boost)  
  36  3:44  Probe  
  39  3:50  Probe, Void Ray (Chrono Boost)  
  44  3:56  Probe  
  44  4:02  Probe  
  46  4:07  Assimilator  
  46  4:09  Probe  
  47  4:13  Void Ray  
  47  4:14  Probe  
  48  4:21  Probe  
  53  4:26  Probe  
  53  4:27  Pylon  
  54  4:31  Void Ray  
  54  4:33  Probe  
  54  4:38  Probe  
  60  4:45  Probe  
  61  4:50  Probe  
  62  5:04  Pylon  
  62  5:14  Fleet Beacon  
  62  5:23  Probe (Chrono Boost)  
  64  5:29  Probe (Chrono Boost)  
  64  5:34  Probe (Chrono Boost)  
  64  5:35  Nexus  
  65  5:39  Probe x2 (Chrono Boost)  
  67  5:46  Stargate x2  
  67  5:49  Probe x2  
  69  5:56  Pylon  
  69  6:00  Pylon  
  69  6:01  Probe x2  
  69  6:04  Pylon  
  71  6:07  Forge  
  71  6:13  Probe x2  
  73  6:25  Probe x2  
  67  6:53  Void Ray x2  
  67  6:54  Void Ray  
  67  6:55  Void Ray  
  67  7:00  Flux Vanes  
  83  7:13  Photon Cannon  
  83  7:15  Photon Cannon  
  83  7:17  Photon Cannon  
  83  7:20  Photon Cannon  
  83  7:22  Photon Cannon  
  83  7:24  Photon Cannon  
  83  7:26  Photon Cannon  
  83  7:29  Photon Cannon  
  83  7:30  Void Ray  
  83  7:31  Photon Cannon  
  83  7:34  Photon Cannon  
  83  7:37  Void Ray x2  
  95  7:50  Probe x2  
  93  8:02  Probe x2  
  93  8:04  Void Ray  
  95  8:14  Probe  
  95  8:15  Probe  
  95  8:17  Assimilator  
  97  8:21  Assimilator  
  97  8:24  Shield Battery  
  97  8:26  Probe, Shield Battery  
  97  8:27  Probe  
  99  8:28  Shield Battery  
  99  8:30  Shield Battery  
  99  8:34  Shield Battery  
  99  8:36  Protoss Shields Level 1  
  99  8:37  Shield Battery  
  99  8:42  Twilight Council  
  99  9:00  Nexus  
  99  9:01  Void Ray  
  99  9:02  Pylon, Void Ray  
  99  9:04  Pylon  
  99  9:07  Pylon  
  107  9:12  Pylon  
  101  9:17  Pylon  
  101  9:19  Pylon  
  101  9:23  Pylon  
  101  9:29  Pylon  
  97  9:50  Carrier x2  
  105  9:55  Void Ray x2  
  93  10:10  Photon Cannon  
  93  10:11  Photon Cannon  
  93  10:13  Photon Cannon  
  93  10:15  Photon Cannon  
  93  10:17  Photon Cannon  
  93  10:18  Photon Cannon  
  93  10:22  Photon Cannon  
  93  10:24  Photon Cannon  
  93  10:29  Photon Cannon  
  93  10:31  Photon Cannon  
  93  10:32  Photon Cannon  
  93  10:35  Shield Battery  
  93  10:43  Carrier x2  
  93  10:48  Void Ray  
  105  10:56  Tempest  
  114  11:15  Protoss Air Weapons Level 1 (Chrono Boost)  
  114  11:32  Cybernetics Core  
  110  11:55  Void Ray x2  
  110  12:00  Tempest x2  
  116  12:32  Void Ray  
  116  12:35  Void Ray  
  116  12:37  Void Ray x2  
  128  13:09  Void Ray  
  128  13:13  Void Ray  
  128  13:14  Void Ray  
  128  13:18  Protoss Air Armor Level 1  
  140  13:48  Nexus  
  140  14:01  Pylon  
  140  14:03  Pylon  
  140  14:04  Pylon  
  140  14:07  Pylon  
  140  14:08  Pylon  
  140  14:13  Void Ray x2  
  140  14:15  Void Ray  
  140  14:21  Protoss Air Weapons Level 2  
  152  14:33  Carrier  
  158  14:55  Pylon  
  158  14:56  Carrier x2  
  158  14:57  Pylon  
  158  14:58  Carrier  
  176  15:00  Pylon  
  176  15:22  Photon Cannon  
  176  15:24  Photon Cannon  
  176  15:26  Photon Cannon  
  176  15:29  Photon Cannon  
  176  15:31  Photon Cannon  
  176  15:33  Photon Cannon  
  176  15:34  Photon Cannon  
  176  15:37  Photon Cannon  
  176  15:39  Photon Cannon  
  176  15:41  Photon Cannon  
  182  15:43  Photon Cannon  
  182  15:45  Photon Cannon  
  186  16:18  Assimilator  
  186  16:23  Assimilator  
Show
View Real Time Build Order
Export as new Build Order

Xoronn Zerg - Winner!

Build Orders: Hatch First, Lurkers 

Get SALT Encoding   

  12  0:00  Drone  
  13  0:12  Overlord  
  13  0:18  Drone  
  14  0:31  Drone x2  
  16  0:50  Hatchery  
  16  0:53  Drone  
  16  0:55  Drone  
  17  0:59  Drone  
  18  1:10  Extractor  
  17  1:16  Spawning Pool  
  16  1:19  Drone  
  16  1:22  Drone  
  18  1:29  Drone  
  19  1:39  Overlord  
  19  1:50  Drone  
  20  2:02  Queen  
  20  2:03  Queen  
  20  2:04  Zergling x2  
  20  2:06  Zergling x2  
  26  2:14  Zergling x4  
  28  2:17  Metabolic Boost  
  28  2:22  Drone  
  29  2:24  Drone  
  30  2:33  Drone  
  31  2:41  Queen  
  31  2:42  Overlord  
  33  2:50  Drone x2  
  35  2:58  Drone  
  35  3:01  Drone  
  35  3:04  Overlord  
  37  3:09  Drone  
  37  3:23  Drone  
  37  3:24  Drone x5  
  37  3:27  Extractor  
  41  3:29  Extractor  
  40  3:35  Zergling x4  
  42  3:42  Zergling x4  
  43  3:53  Zergling x2  
  43  3:54  Zergling x12  
  50  4:03  Drone  
  51  4:14  Drone  
  51  4:15  Drone  
  50  4:24  Drone  
  50  4:25  Extractor  
  50  4:27  Overlord x2  
  50  4:37  Lair  
  50  4:46  Drone x3  
  50  4:47  Drone x3  
  50  4:49  Drone  
  50  4:50  Drone  
  58  4:55  Drone  
  59  5:08  Hatchery  
  58  5:17  Evolution Chamber  
  58  5:20  Drone x4, Roach Warren, Evolution Chamber  
  59  5:40  Drone  
  60  5:45  Nydus Network  
  59  5:51  Zerg Missile Weapons Level 1, Zerg Ground Armor Level 1  
  59  6:05  Roach x4  
  59  6:07  Overlord x4  
  59  6:08  Overlord x4  
  67  6:13  Glial Reconstitution  
  67  6:19  Queen  
  67  6:23  Roach  
  67  6:24  Roach  
  73  6:37  Roach  
  73  6:38  Roach x7  
  89  6:47  Drone  
  89  6:48  Drone x4  
  94  7:02  Nydus Canal  
  94  7:06  Drone x5  
  94  7:07  Drone x2  
  84  7:25  Spore Crawler  
  79  7:31  Roach x13  
  104  7:49  Nydus Canal  
  101  7:56  Drone  
  101  7:57  Drone  
  101  7:58  Drone x3  
  104  8:13  Nydus Canal  
  104  8:19  Drone x8  
  112  8:23  Roach  
  114  8:31  Roach x5  
  122  8:52  Extractor  
  122  8:53  Drone x3  
  122  8:54  Drone x3  
  122  8:55  Extractor  
  126  8:56  Drone x3  
  126  8:57  Drone x2  
  131  9:10  Spire  
  131  9:12  Drone x3  
  131  9:13  Drone, Hydralisk Den, Infestation Pit  
  131  9:15  Drone x4  
  136  9:27  Overlord x2  
  136  9:28  Overlord  
  136  9:35  Zerg Missile Weapons Level 2  
  136  9:36  Zerg Ground Armor Level 2  
  134  9:50  Drone x2  
  134  9:51  Drone  
  129  10:04  Roach  
  129  10:05  Roach x10  
  129  10:06  Hatchery  
  110  10:21  Grooved Spines  
  110  10:23  Hive  
  110  10:25  Hydralisk  
  110  10:26  Hydralisk x5  
  110  10:27  Lurker Den  
  121  10:42  Extractor x2  
  120  10:43  Hydralisk  
  120  10:44  Hydralisk x8  
  123  10:53  Overseer  
  123  10:54  Overseer x5  
  123  10:56  Pneumatized Carapace  
  121  10:59  Hydralisk  
  121  11:00  Hydralisk x3  
  121  11:02  Zergling x2  
  121  11:03  Zergling x8  
  134  11:12  Hydralisk  
  134  11:13  Hydralisk x3  
  142  11:25  Hydralisk x2  
  142  11:26  Roach x3  
  152  11:33  Muscular Augments  
  152  11:42  Hydralisk x2  
  152  11:43  Roach x3  
  160  11:56  Seismic Spines  
  159  12:04  Overlord x2  
  159  12:05  Overlord x5  
  155  12:21  Hydralisk x5, Roach x2  
  155  12:22  Hydralisk, Roach x3  
  149  12:23  Roach  
  129  12:34  Drone  
  114  12:46  Drone x5  
  114  12:47  Drone x3  
  114  12:49  Hatchery  
  121  13:01  Zerg Missile Weapons Level 3, Zerg Ground Armor Level 3  
  121  13:14  Hydralisk  
  121  13:15  Roach  
  125  13:27  Hydralisk x2, Roach x2  
  125  13:28  Hatchery, Roach  
  134  13:46  Hydralisk x2  
  134  13:47  Hydralisk, Roach x4  
  149  13:51  Lurker  
  149  13:52  Lurker x3  
  152  13:56  Hydralisk, Roach x2  
  152  13:57  Roach  
  152  13:58  Roach  
  160  14:09  Extractor  
  153  14:20  Overseer x3  
  153  14:21  Overseer x3  
  153  14:31  Drone x2  
  153  14:32  Drone  
  153  14:33  Drone  
  153  14:36  Hydralisk  
  153  14:37  Hydralisk x3, Roach x3  
  153  14:38  Roach x2  
  175  14:40  Overlord  
  175  14:43  Hatchery  
  175  14:45  Lurker  
  175  14:58  Queen  
  177  15:05  Lurker  
  177  15:06  Lurker x4  
  182  15:10  Drone  
  182  15:13  Overlord x6  
  183  15:33  Hydralisk  
  183  15:34  Hydralisk x7  
  199  15:45  Overseer x4  
  199  15:46  Overseer, Overlord  
  199  15:47  Overlord x14  
  199  16:07  Extractor  
Show
View Real Time Build Order
Export as new Build Order

Massa Terran 

Build Orders:  

Get SALT Encoding   

  12  0:00  SCV  
  13  0:12  SCV  
  14  0:22  Supply Depot  
  14  0:25  SCV  
  15  0:43  SCV  
  15  0:45  Barracks  
  16  0:52  Refinery  
  16  0:53  Refinery  
  16  0:57  SCV  
  17  1:09  SCV  
  18  1:21  SCV  
  19  1:33  SCV, Marine  
  21  1:44  Command Center  
  21  1:57  Reaper  
  22  2:04  Factory  
  22  2:17  Supply Depot  
  22  2:18  Orbital Command  
  22  2:35  Barracks Reactor  
  23  2:44  SCV  
  23  2:48  Engineering Bay  
  22  2:56  SCV, Hellion  
  25  3:02  Supply Depot  
  25  3:12  Orbital Command  
  24  3:18  Hellion  
  26  3:21  Marine x2  
  26  3:24  SCV  
  29  3:30  Supply Depot  
  29  3:36  SCV  
  29  3:37  Missile Turret  
  29  3:38  Marine  
  29  3:39  Marine  
  33  3:48  SCV  
  34  4:02  SCV  
  34  4:03  SCV  
  35  4:11  Factory Reactor  
  35  4:14  Supply Depot  
  35  4:15  SCV x2  
  37  4:18  Marine x2  
  37  4:19  Supply Depot  
  39  4:25  Starport  
  39  4:27  SCV  
  39  4:28  Missile Turret  
  39  4:31  Missile Turret  
  40  4:34  Missile Turret  
  40  4:35  Marine  
  40  4:36  Marine  
  42  4:41  SCV x2  
  42  4:45  Terran Infantry Weapons Level 1  
  42  4:49  Widow Mine  
  42  4:50  Widow Mine  
  46  4:53  SCV x2, Marine x2  
  50  5:05  SCV x2  
  52  5:10  Widow Mine, Barracks  
  52  5:11  Widow Mine, Marine x2  
  58  5:19  Missile Turret  
  58  5:25  Missile Turret  
  58  5:28  Armory  
  58  5:29  Marine x2  
  58  5:32  Widow Mine  
  58  5:33  Widow Mine  
  64  5:39  Medivac  
  66  5:44  Command Center  
  66  5:47  Marine x2  
  68  5:53  Widow Mine  
  68  5:54  Widow Mine  
  72  6:04  Marine  
  72  6:05  Marine  
  72  6:06  Barracks Tech Lab  
  74  6:14  Refinery  
  74  6:15  Widow Mine  
  74  6:16  Widow Mine, Refinery  
  78  6:26  Stimpack  
  78  6:42  Terran Infantry Weapons Level 2, Marine  
  78  6:43  Marine  
  78  6:54  Missile Turret  
  78  6:57  Viking  
  78  6:58  Orbital Command  
  78  7:00  SCV x2, Marine  
  78  7:01  Marine  
  84  7:12  SCV x2  
  86  7:17  Marine  
  87  7:24  SCV  
  88  7:31  Marauder, Marine  
  88  7:34  Widow Mine  
  93  7:39  Marine  
  93  7:43  Widow Mine  
  92  7:49  Marine  
  89  7:53  Marauder  
  89  7:56  Widow Mine, Missile Turret  
  89  7:57  Missile Turret  
  89  8:04  Widow Mine  
  84  8:14  Marauder  
  84  8:17  Widow Mine  
  84  8:18  Missile Turret  
  88  8:24  Marine x2  
  88  8:25  Widow Mine  
  92  8:28  Combat Shield  
  92  8:39  Missile Turret  
  92  8:51  Supply Depot x2  
  92  8:57  Supply Depot  
  92  9:18  Marine  
  93  9:45  Supply Depot  
  93  9:48  Supply Depot  
  93  9:49  Supply Depot  
  93  9:51  Widow Mine  
  93  9:52  Widow Mine  
  93  9:55  Marauder  
  93  10:04  Orbital Command  
  93  10:06  Marine x2  
  95  10:09  Supply Depot  
  95  10:13  Widow Mine  
  92  10:17  Marauder  
  94  10:24  Marine x2  
  96  10:30  SCV x2  
  98  10:38  Marauder  
  98  10:42  SCV x2, Marine x2  
  97  10:54  SCV x2  
  97  10:57  Missile Turret  
  97  10:58  Missile Turret  
  97  10:59  Marauder, Marine x2  
  101  11:06  SCV x2  
  103  11:17  Marine x2  
  103  11:18  SCV, Missile Turret  
  106  11:19  SCV, Missile Turret  
  106  11:21  Marauder  
  106  11:24  Barracks  
  113  11:25  Widow Mine  
  113  11:26  Widow Mine  
  113  11:27  Barracks  
  113  11:35  Marine x2  
  113  11:39  Missile Turret  
  115  11:41  Missile Turret  
  115  11:42  Marauder  
  121  11:47  Widow Mine x2  
  121  11:53  Marine x2  
  123  12:02  Missile Turret x2  
  123  12:04  Marauder  
  125  12:14  Widow Mine  
  125  12:15  Widow Mine  
  97  12:25  Marauder  
  97  12:28  Marine  
  71  12:30  Barracks Reactor  
  71  12:31  Barracks Reactor  
  71  12:33  Concussive Shells  
  71  12:36  Widow Mine x2  
  63  12:46  Marauder  
  63  12:51  Factory  
  65  12:52  Factory x2  
  65  12:53  SCV x3  
  68  13:05  SCV x2  
  70  13:08  Widow Mine, Marauder, Command Center  
  70  13:09  Widow Mine  
  70  13:11  Marine x6  
  82  13:28  Marine  
  82  13:29  Marauder, Marine x5  
  82  13:30  Widow Mine x2  
  94  13:37  Factory Tech Lab x3  
  94  13:46  Marine  
  94  13:47  Marine x5  
  100  13:50  Marauder  
  100  13:51  Widow Mine x2  
  106  14:04  Marine  
  106  14:05  Marine x5  
  110  14:12  Marauder  
  96  14:20  Widow Mine x2  
  96  14:21  Thor x2  
  96  14:22  Marine x4  
  96  14:23  Marine x2  
  119  14:25  Thor  
  123  14:33  Marauder  
  123  14:34  Orbital Command  
  123  14:37  SCV x3  
  128  14:45  Missile Turret  
  128  14:49  SCV x2  
  130  14:55  Marauder  
  132  15:03  Thor  
  132  15:05  Missile Turret  
  132  15:40  Supply Depot  
  132  15:42  Supply Depot x2  
  131  15:43  Supply Depot x2  
  131  15:44  Supply Depot  
  131  15:45  Marine  
  131  15:46  Supply Depot x2  
  131  15:48  Marauder, Marine x4, Supply Depot  
  131  15:49  Marine, Thor  
  124  15:50  Widow Mine  
  124  15:51  Thor, Supply Depot x2  
  124  15:52  Widow Mine, Thor  
  105  16:03  Marine  
  87  16:05  Marine x3  
  87  16:08  Supply Depot  
  87  16:10  Marauder  
  88  16:12  Widow Mine  
Show
View Real Time Build Order
Export as new Build Order

qqq Zerg 

Build Orders: Hatch First, Lurkers 

Get SALT Encoding   

  12  0:02  Drone  
  13  0:14  Drone  
  14  0:38  Hatchery  
  13  0:44  Drone  
  14  0:57  Spawning Pool  
  13  1:04  Overlord  
  13  1:09  Drone  
  14  1:13  Extractor  
  14  1:17  Drone  
  14  1:28  Drone  
  14  1:29  Drone  
  16  1:46  Drone  
  17  1:50  Queen  
  19  1:55  Drone  
  19  1:59  Drone  
  21  2:10  Spine Crawler  
  21  2:11  Drone  
  21  2:19  Metabolic Boost  
  21  2:23  Drone  
  21  2:27  Extractor  
  22  2:32  Queen  
  22  2:35  Drone  
  26  2:37  Zergling x2  
  26  2:42  Zergling x2  
  27  2:46  Zergling x2  
  27  2:48  Overlord  
  28  2:58  Baneling Nest  
  28  2:59  Zergling x2  
  28  3:17  Zergling x10  
  28  3:18  Drone  
  28  3:19  Drone  
  35  3:30  Drone  
  36  3:53  Overlord x3  
  31  4:17  Hatchery  
  31  4:18  Spore Crawler  
  31  4:20  Lair  
  31  4:22  Spore Crawler  
  31  4:23  Drone x3  
  27  4:28  Extractor  
  26  4:32  Drone, Spore Crawler  
  26  4:39  Drone  
  26  4:40  Drone  
  26  4:42  Drone  
  29  4:53  Drone x3  
  32  5:00  Drone x2  
  32  5:01  Drone x2  
  32  5:03  Zergling x2  
  32  5:07  Drone  
  38  5:12  Drone x2  
  40  5:14  Drone  
  41  5:26  Zergling x4  
  41  5:27  Drone  
  41  5:28  Hydralisk Den  
  43  5:32  Extractor  
  43  5:33  Extractor  
  43  5:34  Drone  
  43  5:35  Spore Crawler  
  41  5:37  Zergling x2  
  41  5:38  Drone  
  41  5:42  Drone  
  44  5:46  Zergling x2  
  44  5:47  Baneling x2  
  44  5:48  Baneling x4  
  45  5:55  Spore Crawler  
  44  5:57  Drone, Spore Crawler  
  44  6:01  Queen  
  46  6:06  Muscular Augments  
  46  6:11  Drone  
  46  6:12  Drone  
  46  6:15  Baneling x3  
  46  6:16  Baneling  
  48  6:20  Hydralisk  
  48  6:22  Hydralisk  
  52  6:33  Drone x6  
  58  6:42  Spine Crawler  
  58  6:43  Hydralisk x2  
  61  6:57  Drone  
  61  6:58  Drone x3  
  65  7:01  Overlord x2  
  65  7:02  Overlord x2  
  65  7:13  Drone  
  66  7:26  Hydralisk x4  
  66  7:27  Hydralisk x3  
  66  7:29  Drone  
  71  7:55  Hydralisk Den  
  70  7:59  Drone x3  
  73  8:11  Zergling x6  
  73  8:12  Hatchery, Zergling x12  
  81  8:27  Spire  
  81  8:29  Lurker Den  
  79  8:36  Hydralisk x6  
  79  8:38  Drone x5  
  94  8:51  Evolution Chamber  
  94  8:55  Drone  
  94  9:00  Drone  
  94  9:01  Drone x2, Spine Crawler  
  96  9:04  Grooved Spines  
  96  9:07  Extractor  
  96  9:08  Extractor  
  94  9:28  Hatchery  
  91  9:44  Drone x3  
  87  9:46  Mutalisk x5  
  73  10:21  Hatchery  
  73  10:26  Hydralisk x6  
  84  10:32  Hatchery  
  83  10:36  Lurker x3  
  86  10:51  Hydralisk x2  
  86  10:52  Hydralisk x2  
  86  10:53  Drone x2  
  94  11:19  Lurker x3  
  94  11:21  Drone  
  94  11:23  Overlord x6  
  88  11:49  Hydralisk x4  
  88  11:51  Drone x6  
  99  12:05  Drone  
  99  12:06  Drone  
  99  12:08  Hydralisk x4  
  101  12:10  Zerg Missile Weapons Level 1  
  107  12:25  Corruptor x2  
  107  12:28  Drone x3  
  107  12:29  Drone x4  
  107  12:32  Extractor  
  107  12:33  Extractor x2  
  107  12:35  Spore Crawler  
  107  12:36  Spine Crawler  
  82  12:37  Corruptor  
  78  12:45  Corruptor  
  78  12:47  Corruptor  
  78  12:49  Drone x5  
  79  13:07  Corruptor x2  
  79  13:08  Corruptor  
  79  13:19  Corruptor x2  
  74  13:26  Corruptor  
  76  13:39  Corruptor x2  
  80  13:47  Spore Crawler  
  78  13:50  Spore Crawler  
  78  13:53  Spore Crawler  
  76  13:56  Spore Crawler  
  76  14:01  Corruptor  
  76  14:02  Hatchery  
  76  14:05  Zerg Ground Armor Level 1  
  76  14:08  Lurker x2  
  76  14:22  Drone  
  76  14:23  Drone x2  
  73  14:31  Hydralisk x3  
  73  14:32  Hydralisk  
  81  14:43  Hydralisk x2  
  85  14:50  Hydralisk  
  85  14:52  Drone  
  88  14:53  Drone  
  88  14:56  Lurker  
  88  14:57  Lurker  
  91  15:01  Drone  
  93  15:21  Lurker  
  93  15:22  Lurker x4  
  89  15:57  Drone x3, Infestation Pit  
  84  16:21  Hatchery  
  72  16:26  Hatchery  
Tags
 
Add a new tag
Caveats
  • Supply blocks, unpowered buildings, or Contaminate may cause inaccurate times.
  • Supply counts are checked every 10 seconds.